 Dungeon Crawl Stone Soup version 0.30-a0-1160-g6e42c06551 (webtiles) character file.

Game seed: 9169746772620814689

1663 qeuew the Covert (level 8, -2/40 HPs)
             Began as a Spriggan Brigand on Apr 25, 2023.
             Was an Initiate of Gozag.
             Slain by an orc priest
             ... wielding a +0 hand axe
              (6 damage)
             ... on level 6 of the Dungeon.
             The game lasted 00:07:55 (5248 turns).

qeuew the Covert (Spriggan Brigand)                 Turns: 5248, Time: 00:07:55

Health: -2/40      AC:  3    Str:  7    XL:     8   Next: 69%
Magic:  9/9        EV: 20    Int: 13    God:    Gozag
Gold:   349        SH:  0    Dex: 18    Spells: 7/7 levels left

rFire   . . .        a - +2 dagger
rCold   . . .        (no shield)
rNeg    . . .        b - +0 robe
rPois   .            (helmet restricted)
rElec   .            c - +0 cloak
rCorr   .            (gloves unavailable)
SInv    +            (boots unavailable)
Will    +....        (no amulet)
Stlth   +++++        (no ring)
HPRegen 0.26/turn    (no ring)
MPRegen 0.11/turn

%: no passive effects
@: very quick
A: very small, no large weapons, unfitting armour, see invisible, speed 3
a: Renounce Religion, Potion Petition, Call Merchant, Bribe Branch


You were on level 6 of the Dungeon.
You worshipped Gozag.
Gozag was aware of your devotion.
You visited 2 branches of the dungeon, and saw 7 of its levels.

You collected 439 gold pieces.
You paid 90 gold pieces to Gozag.

Inventory:

Hand Weapons
 a - a +2 dagger (weapon)
Missiles
 d - 23 poisoned darts
 e - a curare-tipped dart (quivered)
 g - a throwing net
Armour
 b - a +0 robe (worn)
 c - a +0 cloak (worn)
Jewellery
 k - a ring of flight
Wands
 m - a wand of charming (8)
 o - a wand of quicksilver (5)
Scrolls
 i - a scroll of enchant weapon {unknown}
 p - a scroll of identify
 q - a scroll of fear
Potions
 f - a potion of degeneration {unknown}
 h - a potion of brilliance
 l - 2 potions of flight
 n - a potion of ambrosia {unknown}


   Skills:
 + Level 3.4 Fighting
 * Level 6.4 Short Blades
 * Level 5.1 Throwing
 + Level 5.1 Dodging
 * Level 10.6 Stealth
 + Level 3.1 Evocations


You had 7 spell levels left.
You didn't know any spells.
Your spell library contained the following spells:

 Spells                   Type           Power      Damage    Failure   Level
 Poisonous Vapours        Pois/Air       0%         N/A       43%         2
 Mephitic Cloud           Conj/Pois/Air  0%         N/A       67%         3
 Freezing Cloud           Conj/Ice/Air   0%         6-21      100%        5


Dungeon Overview and Level Annotations

Branches:
Dungeon (6/15)             Temple (1/1) D:5

Altars:
Cheibriados
Dithmenos
Elyvilon
Fedhas
Gozag
Makhleb
Nemelex Xobeh
Qazlal
Ru
Sif Muna
Trog
Uskayaw
Vehumet
Wu Jian
Xom
Yredelemnul
Zin
The Shining One

Shops:
D:2 [   D:3 *


Innate Abilities, Weirdness & Mutations

You are very small and have problems with some larger weapons.
You are too small for most types of armour.
You have supernaturally acute eyesight. (SInv)
You cover ground extremely quickly. (Speed+++)


Message History

You catch the helpless orc completely off-guard!
You impale the orc!!
You kill the orc!
The orc priest is distracted by your dazzling golden aura.
You hit the orc.
The orc is almost dead.
You hit the orc.
You kill the orc!
You hit the orc wizard.
The orc wizard is almost dead.
The orc wizard points at you and mumbles some strange words.
The puff of flame hits you.
You hit the orc wizard.
The orc wizard is almost dead.
You hit the orc wizard.
You kill the orc wizard!
There is an open door, spattered with blood here.
Items here: $ )))) [[[.
The orc priest is no longer distracted by gold.
The orc priest calls down the wrath of Beogh upon you.
Beogh smites you!
The orc priest calls down the wrath of Beogh upon you.
Beogh smites you!
The orc priest calls down the wrath of Beogh upon you.
Beogh smites you!
* * * LOW HITPOINT WARNING * * *
The orc priest hits you with a +0 hand axe.
* * * LOW HITPOINT WARNING * * *
You hit the orc priest but do no damage.
The orc priest misses you.
You hit the orc priest but do no damage.
Okay, then.
Throw: 2 darts (curare)
Press: ? - help, Q - select action, (/) - cycle Shift-Dir - straight line, f - orc priest
Aim: an orc priest, wielding a +0 hand axe and wearing a +0 leather armour (64% to hit)
You throw a curare-tipped dart.
The curare-tipped dart completely misses the orc priest.
The orc priest hits you with a +0 hand axe.
You die...
Your body crumbles into a pile of gold.

#...... #......#
#...... #......#
####### #......#
#......# #......#
#......# #....o.#####
#...@..$...#
#......###.##########
######.# #...........
#.# ############ #..
.. #### #. #. ####.
#....


You could see an orc priest.

Vanquished Creatures
  Grinder (D:4)
  A water moccasin (D:6)
  4 black bears
  2 ogres (D:4)
  A centaur (D:5)
  A phantom (D:5)
  4 scorpions
  A hound (D:5)
  4 iguanas
  4 orc wizards
  4 gnolls
  7 adders
  2 white imps
  A worm (D:2)
  2 dart slugs
  12 orcs
  7 endoplasms
  3 giant cockroaches
  10 goblins
  5 hobgoblins
  4 jackals (D:5)
  9 quokkas
  8 ball pythons
  7 bats
  2 frilled lizards (D:3)
  12 kobolds
  A rat (D:3)
119 creatures vanquished.

Notes
Turn   | Place    | Note
-------+----------+-------------------------------------------
     0 | D:1      | qeuew the Spriggan Brigand began the quest for the Orb.
     0 | D:1      | Reached XP level 1. HP: 10/10 MP: 2/2
   124 | D:1      | Reached skill level 6 in Stealth
   227 | D:1      | Reached XP level 2. HP: 12/14 MP: 3/3
   809 | D:2      | Found a sacrificial altar of Ru.
   816 | D:2      | Reached XP level 3. HP: 18/18 MP: 4/4
  1056 | D:2      | Reached XP level 4. HP: 22/23 MP: 5/5
  1087 | D:2      | Found Zecwytim's Armour Emporium.
  1369 | D:3      | Found a shadowy altar of Dithmenos.
  1384 | D:3      | Found a hide-covered altar of Uskayaw.
  1385 | D:3      | Found Narumuxi's General Store.
  1624 | D:3      | HP: 1/23 [poisoned by an adder]
  1627 | D:3      | Reached skill level 7 in Stealth
  2073 | D:4      | Noticed a scorpion
  2088 | D:4      | Killed a scorpion
  2089 | D:4      | Reached XP level 5. HP: 20/26 MP: 6/6
  2144 | D:4      | Noticed a black bear
  2165 | D:4      | Killed a black bear
  2166 | D:4      | Reached XP level 6. HP: 14/30 MP: 7/7
  2341 | D:4      | Reached skill level 8 in Stealth
  2396 | D:4      | Noticed Grinder
  2403 | D:4      | Killed Grinder
  2519 | D:4      | Found the +6 shillelagh "Devastator" {shatter}
  2541 | D:4      | Reached XP level 7. HP: 13/35 MP: 8/8
  2546 | D:4      | Reached skill level 5 in Short Blades
  2546 | D:4      | Reached skill level 9 in Stealth
  2846 | D:5      | Entered Level 5 of the Dungeon
  3164 | D:5      | Reached skill level 1 in Evocations
  3386 | D:5      | Found a staircase to the Ecumenical Temple.
  3405 | D:5      | Reached XP level 8. HP: 40/40 MP: 9/9
  3417 | Temple   | Entered the Ecumenical Temple
  3562 | Temple   | Became a worshipper of Gozag Ym Sagoz the Greedy
  3995 | D:5      | Reached skill level 10 in Stealth
  4866 | D:6      | Found a shimmering altar of Xom.
  4947 | D:6      | Reached skill level 5 in Throwing
  4947 | D:6      | Reached skill level 5 in Dodging
  5248 | D:6      | Slain by an orc priest

Illustrated notes

Levels and vault maps discovered:
D:1:      ebering_hopf_link, layout_basic, serial_corexii_hall,
          chequers_hall_statues_wall_a, corexii_hall_statues_t,
          corexii_hall_statues_deadend, chequers_hall_statues_y
D:2:      layout_rooms, basic_altar, serial_shops,
          nicolae_shop_advertising_works [nicolae_subvault_shop_adworks]
D:3:      corexii_shack_village, layout_rooms,
          grunt_dithmenos_smoke_and_mirrors,
          nicolae_uskayaw_murder_on_the_dancefloor, serial_shops,
          nicolae_shop_stone
D:4:      layout_loops_ring, dilly_guarded_unrand_devastator, uniq_grinder
D:5:      minmay_diamond_boxcup, layout_layer_cave,
          minmay_temple_entry_statues_pillars, minmay_misc_feat_rows,
          kennysheep_generic_room_9
D:6:      layout_basic, mainiacjoe_overflow_paths
Temple:   nicolae_temple_superstar

Skill      XL: |  1  2  3  4  5  6  7  8 |
---------------+-------------------------+-----
Stealth        | 6 7 8 9 10 | 10.6
Dodging        | 2 3 4 5 |  5.1
Short Blades   | 3 4 5 6 |  6.4
Fighting       | 2 3 |  3.4
Throwing       | 3 4 5 |  5.1
Evocations     | 1 3 |  3.1

Action                     |  1- 3 |  4- 6 |  7- 9 || total
---------------------------+-------+-------+-------++-------
  Melee: Dagger            |   101 |   126 |   234 ||   461
         Punch             |     2 |     2 |       ||     4
  Throw: Dart              |       |     4 |     5 ||     9
         Throwing net      |       |     1 |     2 ||     3
    Use: Potion            |     4 |     5 |     3 ||    12
         Scroll            |     2 |     4 |     4 ||    10
   Stab: Sleeping          |    11 |    14 |    15 ||    40
         Distracted        |     2 |     1 |     2 ||     5
         Held in net/web   |       |       |     2 ||     2
 Armour: Robe              |    15 |    20 |    15 ||    50
  Dodge: Dodged            |    70 |    98 |   135 ||   303

Table legend: (Time is in decaauts)
 A = Elapsed time spent in this place.
 B = Non-inter-level travel time spent in this place.
 C = Inter-level travel time spent in this place.
 D = Time resting spent in this place.
 E = Time spent auto-exploring this place.
 F = Levels seen in this place.
 G = Mean time per level.
                   A        B        C        D        E       F      G
               +--------+--------+--------+--------+--------+-----+--------+
         Total |   3655 |   3579 |     76 |    100 |   2681 |   7 |  522.1 |
       Dungeon |   3560 |   3488 |     72 |    100 |   2644 |   6 |  593.3 |
        Temple |     95 |     91 |      4 |      0 |     36 |   1 |   95.0 |
               +--------+--------+--------+--------+--------+-----+--------+

Top non-repeatable levels by time:
     D:5: 1082 daAuts
     D:4: 605 daAuts
     D:6: 514 daAuts
     D:1: 506 daAuts
     D:3: 477 daAuts
     D:2: 374 daAuts
  Temple: 95 daAuts
